 Dungeon Crawl Stone Soup version 0.29.1-15-g9cfb28693d (webtiles) character file.

Game seed: 18360075143731459429

378 croobank the Covert (level 6, 0/44 HPs)
             Began as an Octopode Delver on Mar 6, 2023.
             Slain by an orc wizard
             ... wielding a +0 dagger
              (3 damage)
             ... on level 5 of the Dungeon.
             The game lasted 00:10:25 (4481 turns).

croobank the Covert (Octopode Delver)               Turns: 4481, Time: 00:10:26

Health: 0/44       AC:  1    Str: 12    XL:     6   Next: 74%
Magic:  7/7        EV: 18    Int: 14    God:
Gold:   215        SH:  0    Dex: 13    Spells: 7/7 levels left

rFire   . . .      SeeInvis .   a - +0 hand axe
rCold   . . .      Faith    .   (no shield)
rNeg    . . .      Spirit   .   (helmet restricted)
rPois   .          Reflect  .   (no amulet)
rElec   .          Harm     .   m - ring of flight
rCorr   .          Rampage  .   p - +4 ring of evasion
Will    .....                   (no ring)
Stlth   +++++.....              (no ring)
HPRegen 0.14/turn               (no ring)
MPRegen 0.10/turn               (no ring)
                                (no ring)
                                (no ring)

@: flying
A: almost no armour, amphibious, 8 rings, camouflage 1, gelatinous body 1,
(nimble swimmer 1), tentacles
a: no special abilities


You were on level 5 of the Dungeon.
You visited 1 branch of the dungeon, and saw 6 of its levels.
You also visited: Ossuary.

You collected 215 gold pieces.

Inventory:

Hand Weapons
 a - a +0 hand axe (weapon)
 o - a +0 dagger of draining
Missiles
 i - 3 poisoned darts (quivered)
 y - 2 javelins
Jewellery
 m - a ring of flight (left tentacle)
 p - a +4 ring of evasion (right tentacle)
 v - an amulet of faith
Wands
 f - a wand of digging (2)
Scrolls
 b - 2 scrolls of fog
 c - 7 scrolls of identify {unknown}
 d - 2 scrolls of fear
 h - 3 scrolls of teleportation {unknown}
 j - 3 scrolls of immolation {unknown}
 l - 4 scrolls of poison {unknown}
 r - 2 scrolls of enchant armour {unknown}
 t - a scroll of enchant weapon {unknown}
 u - a scroll of brand weapon {unknown}
 w - a scroll of vulnerability {unknown}
Potions
 e - a potion of haste
 g - a potion of lignification {unknown}
 k - 3 potions of attraction {unknown}
 n - 4 potions of curing
 q - 2 potions of heal wounds {unknown}
 s - a potion of brilliance {unknown}
 x - a potion of berserk rage {unknown}
 z - 2 potions of resistance {unknown}


   Skills:
 + Level 4.4 Fighting
 + Level 3.7 Axes
 + Level 3.7 Dodging
 + Level 8.1 Stealth
 * Level 1.0 Spellcasting


You had 7 spell levels left.
You didn't know any spells.
Your spell library contained the following spells:

 Spells                   Type           Power      Damage    Failure   Level
 Magic Dart               Conj           0%         1d3       26%         1
 Call Imp                 Summ           0%         N/A       36%         2
 Mephitic Cloud           Conj/Pois/Air  0%         N/A       61%         3
 Ozocubu's Armour         Ice            0%         N/A       61%         3
 Ozocubu's Refrigeration  Ice            0%         4d7       100%        7


Dungeon Overview and Level Annotations

Branches:
Dungeon (6/15)            Ossuary (visited)
 Temple: D:4-7

Altars:
Fedhas
Sif Muna

Annotations:
D:4 Edmund, Grinder


Innate Abilities, Weirdness & Mutations

You cannot wear most types of armour.
You are amphibious.
You can wear up to eight rings at the same time.
Your skin changes colour to match your surroundings (Stealth+).
Your rubbery body absorbs attacks. (AC +1, EV +1)
((You are camouflaged when in or above water. (Stealth+)))
You have tentacles for arms and can constrict up to eight enemies at once.


Message History

You constrict the orc, but do no damage.
The orc completely misses you. Something hits you.
You hit the orc. You squeeze the orc.
The orc is almost dead.
You closely miss something. You constrict the orc.
You kill the orc!
Something hits you.
You closely miss the orc priest. Your grab misses the orc priest.
You squeeze the orc priest.
The orc priest is heavily wounded.
You barely miss something. The orc priest closely misses you.
Something hits you.
You hit the orc priest but do no damage.
You grab the orc priest.
The orc priest is heavily wounded.
You hit something but do no damage.
You constrict the orc priest, but do no damage.
The orc priest closely misses you. Something hits you. x2
* * * LOW HITPOINT WARNING * * *
The orc priest hits you with a +0 mace!
* * * LOW HITPOINT WARNING * * *
You hit the orc priest but do no damage.
The orc priest is heavily wounded.
You closely miss something.
You constrict the orc priest, but do no damage.
The orc priest misses you. Something hits you.
* * * LOW HITPOINT WARNING * * *
You feel better.
You constrict the orc priest, but do no damage.
The orc priest barely misses you. Something hits you.
* * * LOW HITPOINT WARNING * * *
You hit the orc priest but do no damage.
You squeeze the orc priest.
The orc priest is severely wounded.
You hit something but do no damage.
You constrict the orc priest, but do no damage.
The orc priest hits you with a +0 mace!
* * * LOW HITPOINT WARNING * * *
Something hits you.
You die...

........ #.#
######## #.# # #.#
## #.# ##. # #.#
##.. #.#######.#
##...
###.!......{####.#..
#....
+......<....@o......
+....
####.....#.#####.#..
#.... #..##.#.# #...
#.# #.#.# ##.. #.
....# ##. # #.### ##
#.# # #.# # ##


You could see an orc priest.

Vanquished Creatures
  A scorpion (D:4)
  3 hounds
  An iguana (D:4)
  An orc wizard (D:5)
  2 mummies (Ossuary)
  6 adders
  An ufetubus (D:4)
  4 dart slugs
  3 orcs (D:5)
  An endoplasm (D:4)
  3 giant cockroaches
  2 gnoll zombies (Ossuary)
  3 goblins
  10 hobgoblins
  5 jackals
  8 kobolds
  3 quokkas
  6 ball pythons
  4 bats
  5 frilled lizards
  2 hobgoblin zombies (Ossuary)
  2 kobold zombies (Ossuary)
  2 orc zombies (Ossuary)
  7 rats
85 creatures vanquished.

Notes
Turn   | Place    | Note
-------+----------+-------------------------------------------
     0 | D:5      | croobank the Octopode Delver began the quest for the Orb.
     0 | D:5      | Reached XP level 1. HP: 16/16 MP: 1/1
    56 | D:6      | Noticed a black bear
    62 | D:6      | Found a sand-covered staircase.
    73 | D:6      | Noticed an ice beast
    76 | Ossuary  | Entered an ossuary
   194 | Ossuary  | Reached XP level 2. HP: 21/21 MP: 2/2
   333 | Ossuary  | Reached skill level 7 in Stealth
   333 | Ossuary  | Reached XP level 3. HP: 9/26 MP: 3/3
   554 | D:6      | Noticed a black bear
   638 | D:5      | Reached XP level 4. HP: 23/31 MP: 4/4
  1254 | D:4      | Reached XP level 5. HP: 31/37 MP: 5/5
  1876 | D:4      | Noticed Grinder
  2179 | D:3      | Reached XP level 6. HP: 33/43 MP: 6/6
  3189 | D:2      | Found a faded altar of an unknown god.
  3803 | D:3      | Reached skill level 8 in Stealth
  3861 | D:3      | Found a shimmering blue altar of Sif Muna.
  4168 | D:4      | Noticed Edmund
  4184 | D:4      | Found a blossoming altar of Fedhas.
  4472 | D:5      | Reached skill level 1 in Spellcasting
  4481 | D:5      | Slain by an orc wizard

Illustrated notes

Levels and vault maps discovered:
D:1:      eino_arrival_druids_welcome, layout_basic,
          minmay_misc_feat_four_crosses, patterned_corridor
D:2:      layout_loops_ring, basic_ecumenical_altar, grunt_ministairs_3,
          minmay_pentomino_p2
D:3:      layout_rooms, lemuel_tele_altar, minmay_distorted
D:4:      kennysheep_six_static_rooms, layout_basic, fedhas_altar_1,
          kennysheep_another_room, uniq_edmund, uniq_grinder
D:5:      kennysheep_big_flooded_room, layout_loops_corners
D:6:      cheibrodos_barr_body, layout_loops_cross, nicolae_ossuary_entry_ruins,
          biasface_ghost_orc_armoury, kennysheep_minor_cross,
          minmay_misc_feat_hallway, uniq_crazy_yiuf_cottage

Skill      XL: |  1  2  3  4  5  6 |
---------------+-------------------+-----
Stealth        | 7 8 |  8.1
Dodging        | 3 |  3.7
Axes           | 3 |  3.7
Fighting       | 4 |  4.4
Spellcasting   | 1 |  1.0

Action                   |  1- 3 |  4- 6 || total
-------------------------+-------+-------++-------
Melee: Hand axe          |    35 |   172 ||   207
       Constrict         |    10 |    46 ||    56
       Punch             |     1 |     3 ||     4
       Tentacles         |     9 |    27 ||    36
Evoke: Wand              |     1 |       ||     1
  Use: Scroll            |     1 |       ||     1
       Potion            |       |     2 ||     2
 Stab: Sleeping          |     1 |    28 ||    29
       Distracted        |       |     3 ||     3
Armor: Skin              |     1 |     9 ||    10
Dodge: Dodged            |    14 |   110 ||   124
